 Dungeon Sprint DCSS version 0.19.0-24-gb05acd6 (webtiles) character file.

830 HarryHood the Basher (level 7, -7/121 HPs)
             Began as a Minotaur Berserker on Nov 20, 2016.
             Was a Priest of Trog.
             Mangled by an orange demon (13 damage)
             ... summoned by a kobold demonologist
             ... in the Dungeon (Sprint I: "Red Sonja").
             The game lasted 00:02:12 (779 turns).

HarryHood the Basher (Minotaur Berserker)            Turns: 779, Time: 00:02:13

Health: -7/121     AC:  2    Str: 28    XL:     7   Next: 65%
Magic:  6/6        EV: 12    Int:  4    God:    Trog [***...]
Gold:   270        SH:  0    Dex: 10    Spells: 0 memorised, 6 levels left

rFire  . . .     SeeInvis .     a - +0 mace
rCold  . . .     Gourm    .     b - +0 animal skin
rNeg   . . .     Faith    .     (no shield)
rPois  .         Spirit   .     (helmet restricted)
rElec  .         Reflect  .     (no cloak)
rCorr  .         Harm     .     (no gloves)
MR     .....     NoTele   +     (no boots)
Stlth  ..........               (no amulet)
                                (no ring)
                                (no ring)

@: berserking, lethally poisoned (-7 -> -40), very quick
A: retaliatory headbutt, horns 2
a: Berserk, Trog's Hand, Burn Spellbooks, Renounce Religion


You were in the Dungeon.
You worshipped Trog.
Trog was most pleased with you.
You were not hungry.

You visited 1 branch You collected 270 gold pieces.

Inventory:

Hand Weapons
 a - a +0 mace (weapon)
Armour
 b - a +0 animal skin (worn)
Scrolls
 i - a scroll of blinking
Potions
 d - 2 potions of curing
 e - a potion of heal wounds
 f - a potion of haste
 g - 2 potions of magic
 h - a potion of berserk rage
 k - a potion of beneficial mutation {unknown}
Comestibles
 c - a bread ration


   Skills:
 + Level 14.0 Fighting
 + Level 14.1 Maces & Flails
 - Level 2.4 Armour
 - Level 2.1 Dodging


You had 6 spell levels left.
You didn't know any spells.

Dungeon Overview and Level Annotations

Branches:
Dungeon (1/1)

Altars:
Makhleb
Sif Muna
Vehumet
Xom
Jiyva
Lugonu


Innate Abilities, Weirdness & Mutations

You reflexively headbutt those who attack you in melee.
You have a pair of horns on your head.


Message History

You feel sick.
The kobold demonologist barely misses you.
You hit the kobold demonologist but do no damage.
Your headbutt misses the kobold demonologist.
The kobold demonologist is heavily wounded.
* * * LOW HITPOINT WARNING * * *
You feel sick. The orange demon closely misses you.
The crimson imp blinks!
The crimson imp hits you but does no damage.
You closely miss the kobold demonologist.
The kobold demonologist is heavily wounded.
* * * LOW HITPOINT WARNING * * *
You feel sick.
You are too berserk!
You sock the kobold demonologist!
The kobold demonologist is severely wounded.
* * * LOW HITPOINT WARNING * * *
You feel sick.
The kobold demonologist completely misses you.
The orange demon stings you from afar!
You die...

#####################
.').#..'..#__#..@K45#
.#..').#..'..'..#54.#
###'#####'#__####.5.+
#..# #.####§§ ####
#### ##.#≈§§§c
#+#..+≈§≈§
+..._#§§≈§c
#_.#+##+### ##+#


You could see an orange demon, a rust devil, a kobold demonologist, 2 crimson
imps and a shadow imp.

Vanquished Creatures
  A kobold demonologist (D)
  A slime creature (D)
  Sigmund (D)
  A floating eye (D)
  An ogre (D)
  A jelly (D)
  Ijyb (D)
7 creatures vanquished.

Vanquished Creatures (others)
  A gargoyle (D)
1 creature vanquished.

Grand Total: 8 creatures vanquished

Notes
Turn   | Place    | Note
-------+----------+-------------------------------------------
     0 | D        | HarryHood the Minotaur Berserker began the quest for the Orb.
     0 | D        | Reached XP level 1. HP: 19/19 MP: 0/0
     2 | D        | Noticed Ijyb
    11 | D        | Killed Ijyb
    11 | D        | Reached XP level 2. HP: 13/30 MP: 1/1
   174 | D        | Noticed an ogre
   180 | D        | Killed an ogre
   180 | D        | Reached XP level 3. HP: 16/41 MP: 2/2
   180 | D        | Reached XP level 4. HP: 19/49 MP: 3/3
   217 | D        | Killed a gargoyle
   368 | D        | Noticed Sigmund
   378 | D        | Killed Sigmund
   378 | D        | Reached ** piety under Trog
   378 | D        | Reached skill level 10 in Fighting
   378 | D        | Reached XP level 5. HP: 41/59 MP: 4/4
   378 | D        | Reached XP level 6. HP: 47/67 MP: 5/5
   491 | D        | Found a deep blue altar of Sif Muna.
   496 | D        | Found a radiant altar of Vehumet.
   515 | D        | Noticed a centaur warrior
   519 | D        | Noticed a centaur warrior
   529 | D        | Found a burning altar of Makhleb.
   529 | D        | Found a shimmering altar of Xom.
   529 | D        | Noticed a slime creature
   530 | D        | Found a viscous altar of Jiyva.
   530 | D        | Found a corrupted altar of Lugonu.
   537 | D        | Killed a slime creature
   757 | D        | Noticed a kobold demonologist
   757 | D        | Noticed a floating eye
   758 | D        | Noticed a kobold demonologist
   758 | D        | Paralysed by a floating eye for 3 turns
   760 | D        | Noticed an orange demon
   763 | D        | Killed a floating eye
   763 | D        | Reached *** piety under Trog
   763 | D        | Reached XP level 7. HP: 72/78 MP: 6/6
   768 | D        | Noticed a neqoxec
   769 | D        | Killed a kobold demonologist
   771 | D        | Noticed a rust devil
   779 | D        | HP: 6/121 [poisoned by an orange demon]
   779 | D        | Mangled by an orange demon

Skill      XL: |  1  2  3  4  5  6  7 |
---------------+----------------------+-----
Fighting       | 6 8 10 12 14 | 14.0
Maces & Flails | 6 8 11 13 14 | 14.1
Armour         | |  2.4
Dodging        | |  2.1

Action                   |  1- 3 |  4- 6 |  7- 9 || total
-------------------------+-------+-------+-------++-------
Melee: Mace              |    13 |    21 |    15 ||    49
       Headbutt          |     2 |     6 |     2 ||    10
Invok: Berserk           |       |       |     1 ||     1
Armor: Animal skin       |       |     1 |     6 ||     7
Dodge: Dodged            |     7 |     7 |    21 ||    35
